 Dungeon Crawl Stone Soup version 0.28-a0-1510-gd0f6b136d3 (webtiles) character file.

Game seed: 11799907357111793381

18 psuckher the Skirmisher (level 2, 0/27 HPs)
             Began as a Draconian Chaos Knight on Jan 14, 2022.
             Was a Plaything of Xom.
             Slain by an endoplasm (2 damage)
             ... on level 1 of the Dungeon.
             The game lasted 00:01:45 (227 turns).

psuckher the Skirmisher (Draconian Chaos Knight)     Turns: 227, Time: 00:01:46

Health: 0/27       AC:  4    Str: 14    XL:     2   Next: 48%
Magic:  2/2        EV: 12    Int: 12    God:    Xom [..*...]
Gold:   0          SH:  0    Dex: 10    Spells: 1/1 levels left

rFire   . . .      SeeInvis .   a - +0 falchion (chaos)
rCold   . . .      Faith    .   (no shield)
rNeg    . . .      Spirit   .   (armour unavailable)
rPois   .          Reflect  .   (helmet restricted)
rElec   .          Harm     .   (no cloak)
rCorr   .          Rampage  .   (no gloves)
Will    .....                   (no boots)
Stlth   +.........              (no amulet)
HPRegen 0.09/turn               (no ring)
MPRegen 0.08/turn               (no ring)

@: no status effects
A: AC +4, unfitting armour, cold-blooded
a: Renounce Religion


You were on level 1 of the Dungeon.
You worshipped Xom.
You were a toy of Xom.
You visited 1 branch of the dungeon, and saw 1 of its levels.

Inventory:

Hand Weapons
 a - a +0 falchion of chaos (weapon)


   Skills:
 + Level 3.6 Fighting
 + Level 3.4 Long Blades
 + Level 2.3 Dodging


You had one spell level left.
You didn't know any spells.
Your spell library was empty.

Dungeon Overview and Level Annotations

Branches:
Dungeon (1/15)

Altars:


Innate Abilities, Weirdness & Mutations

Your plain brown scales are hard. (AC +4)
You cannot fit into any form of body armour.
You are cold-blooded and may be slowed by cold attacks.


Message History

The bat closely misses you. The endoplasm freezes you.
You are frozen.
* * * LOW HITPOINT WARNING * * *
You feel yourself slow down.
You feel yourself speed up. The bat misses you.
The bat hits you but does no damage. The bat barely misses you.
The bat completely misses you. The bat hits you but does no damage.
The bat hits you but does no damage. x3
The endoplasm jiggles.
The bat barely misses you. The bat misses you.
You closely miss the bat.
Your tail-slap misses the bat.
The bat barely misses you. x2
You closely miss the bat. The bat misses you. The bat closely misses you.
The bat hits you but does no damage. The bat hits you but does no damage.
The bat closely misses you. x2
The bat hits you but does no damage. The bat barely misses you.
The bat misses you. x2
The bat closely misses you. The bat barely misses you.
The bat closely misses you. The bat hits you but does no damage.
The bat closely misses you. The bat barely misses you.
You hit the bat.
You kill the bat!
The bat hits you but does no damage. The bat closely misses you.
The bat closely misses you.
You see here a bat corpse.
You miss the bat. The bat barely misses you. The bat completely misses you.
The endoplasm closely misses you. The bat barely misses you.
You hit the bat. You freeze the bat.
You kill the bat!
The endoplasm barely misses you. The endoplasm freezes you.
You are frozen.
* * * LOW HITPOINT WARNING * * *
The endoplasm hits you.
You die... "It was about time."

## .. .# .# .# #
##.##.###
######........
#.J..w..# #@####.###
#.##.....#
#.##.#w#.# #.#
#..#..†#.# #..
##.#..##.# #.#
.#.....# #.# #
.##.#### #.# .
##.#.#.## #.###.
###...###.#####..#..


You could see a dart slug and an endoplasm.

Vanquished Creatures
  A gnoll (D:1)
  A ball python (D:1)
  An endoplasm (D:1)
  A goblin (D:1)
  A kobold (D:1)
  2 bats (D:1)
  A rat (D:1)
8 creatures vanquished.

Notes
Turn   | Place    | Note
-------+----------+-------------------------------------------
     0 | D:1      | psuckher the Draconian Chaos Knight began the quest for the
                  | Orb.
     0 | D:1      | Reached XP level 1. HP: 19/19 MP: 1/1
    21 | D:1      | Found a faded altar of an unknown god.
    30 | D:1      | Reached XP level 2. HP: 13/26 MP: 2/2
   174 | D:1      | XOM: divination: magic mapping
   227 | D:1      | Slain by an endoplasm

Illustrated notes

Levels and vault maps discovered:
D:1:      saegor_arrival_simple_d, layout_loops_ring,
          hellmonk_ecumenical_altar_arch_garden, st_stairs_6

Action                   || total
-------------------------++-------
Melee: Falchion          ||    27
       Tailslap          ||     3
  Use: Scroll            ||     1
Armor: Skin              ||    21
Dodge: Dodged            ||    65

Table legend: (Time is in decaauts)
 A = Elapsed time spent in this place.
 B = Non-inter-level travel time spent in this place.
 C = Inter-level travel time spent in this place.
 D = Time resting spent in this place.
 E = Time spent auto-exploring this place.
 F = Levels seen in this place.
 G = Mean time per level.
                   A        B        C        D        E       F      G
               +--------+--------+--------+--------+--------+-----+--------+
         Total |    232 |    219 |     13 |      0 |      0 |   1 |  232.0 |
       Dungeon |    232 |    219 |     13 |      0 |      0 |   1 |  232.0 |
               +--------+--------+--------+--------+--------+-----+--------+

Top non-repeatable levels by time:
     D:1: 232 daAuts
